 Dungeon Crawl Stone Soup version 0.25.0-46-gbd7b0854d2 (webtiles) character file.

Game seed: 15880726197869769763

257 ANON1729 the Cudgeler (level 5, -1/53 HPs)
             Began as a Troll Gladiator on July 13, 2020.
             Slain by Grinder (3 damage)
             ... on level 3 of the Dungeon.
             The game lasted 00:03:58 (2219 turns).

ANON1729 the Cudgeler (Troll Gladiator)             Turns: 2219, Time: 00:03:59

Health: -1/53      AC:  6    Str: 29    XL:     5   Next: 93%
Magic:  4/4        EV: 10    Int:  4    God:
Gold:   136        SH:  0    Dex: 11    Spells: 4/4 levels left

rFire    + . .     SeeInvis .   a - +0 flail
rCold    + . .     Gourm    +   (no shield)
rNeg     . . .     Faith    .   b - +0 robe
rPois    +         Spirit   .   c - +0 hat
rElec    .         Reflect  .   m - scarf {rC+ rF+}
rCorr    .         Harm     .   (gloves unavailable)
MR       .....                  (boots unavailable)
Stlth    +.........             (no amulet)
HPRegen  0.57/turn              l - ring of poison resistance
MPRegen  0.09/turn              q - +6 ring of strength

@: no status effects
A: large, unfitting armour, claws 3, fast metabolism 3, gourmand, regeneration
1, shaggy fur 1, tough skin 3
a: no special abilities


You were on level 3 of the Dungeon.
You were completely stuffed.

You visited 1 branch of the dungeon, and saw 3 of its levels.

You collected 136 gold pieces.

Inventory:

Hand Weapons
 a - a +0 flail (weapon)
Missiles
 d - 3 throwing nets (quivered)
Armour
 b - a +0 robe (worn)
 c - a +0 hat (worn)
 m - a scarf of resistance (worn)
Jewellery
 l - a ring of poison resistance (left claw)
 p - an uncursed ring of protection from fire
 q - a +6 ring of strength (right claw)
Wands
 u - a wand of iceblast (10)
Scrolls
 g - 2 scrolls of random uselessness {unknown}
 h - 2 scrolls of fear {unknown}
 i - 7 scrolls of remove curse {unknown}
 o - 6 scrolls of identify {unknown}
 s - 3 scrolls of enchant weapon {unknown}
 t - a scroll of enchant armour {unknown}
 v - a scroll of fog {unknown}
 w - a scroll of teleportation {unknown}
Potions
 j - a potion of heal wounds {unknown}
 n - a potion of magic {unknown}
 r - a potion of lignification {unknown}
Comestibles
 f - 6 rations
 k - a chunk of flesh


   Skills:
 * Level 3.1 Fighting
 * Level 3.9 Maces & Flails
 + Level 2.5 Throwing
 + Level 1.5 Armour
 + Level 3.0 Dodging


You had 4 spell levels left.
You didn't know any spells.
Your spell library was empty.

Dungeon Overview and Level Annotations

Branches:
Dungeon (3/15)

Altars:

Annotations:
D:3 Grinder


Innate Abilities, Weirdness & Mutations

You are too large for most types of armour.
You have claws for hands.
Your metabolism is lightning-fast.
You like to eat raw meat.
Your natural rate of healing is unusually fast.
You are covered in fur. (AC +1)
You have extremely tough skin. (AC +3)


Message History

You are too injured to fight recklessly!
You are too injured to fight recklessly!
You are too injured to fight recklessly!
You are too injured to fight recklessly!
You are too injured to fight recklessly!
You are too injured to fight recklessly!
You closely miss Grinder.
Grinder is lightly wounded.
Grinder hits you.
You writhe in agony.
* * * LOW HITPOINT WARNING * * *
You thump Grinder!
Grinder is moderately wounded.
Grinder hits you.
* * * LOW HITPOINT WARNING * * *
You writhe in agony.
* * * LOW HITPOINT WARNING * * *
It was a potion of curing.
You feel better. Grinder hits you!
* * * LOW HITPOINT WARNING * * *
You writhe in agony.
You die...

#.#####..#.##.# .# #.#
#.# #..#.##.# .# #.# #.#
#..#.##.# .# ... #.#
#..#.##.# ### #.#
#.)#.##.#### #.#
#.....(....# #.#
#..#.##.##.# #.#
#....##.##.#
#.######.####.##@#
รท.)......# #.##5.....#
#.###########.#####.....
#........>....# ####
###############


You could see Grinder.

Vanquished Creatures
  A hound (D:3)
  Crazy Yiuf (D:2)
  An orc wizard (D:3)
  A worker ant (D:3)
  Robin (D:3)
  4 adders
  5 worms
  3 dart slugs
  A leopard gecko (D:3)
  3 orcs (D:3)
  5 bats
  A giant cockroach (D:1)
  16 goblins
  12 hobgoblins
  10 kobolds
  3 quokkas
  A ball python (D:3)
  4 frilled lizards
  8 rats
81 creatures vanquished.

Notes
Turn   | Place    | Note
-------+----------+-------------------------------------------
     0 | D:1      | ANON1729 the Troll Gladiator began the quest for the Orb.
     0 | D:1      | Reached XP level 1. HP: 19/19 MP: 0/0
   162 | D:1      | Reached XP level 2. HP: 28/28 MP: 1/1
   640 | D:2      | Reached XP level 3. HP: 35/35 MP: 2/2
   831 | D:2      | Found a runed translucent door.
   832 | D:2      | Noticed Crazy Yiuf
  1279 | D:2      | Killed Crazy Yiuf
  1279 | D:2      | Reached skill level 1 in Armour
  1279 | D:2      | Reached XP level 4. HP: 33/44 MP: 3/3
  1457 | D:3      | Noticed Robin
  1553 | D:3      | Killed Robin
  1725 | D:3      | Reached XP level 5. HP: 28/50 MP: 4/4
  2211 | D:3      | Noticed Grinder
  2219 | D:3      | HP: 2/53 [Grinder (10)]
  2219 | D:3      | Slain by Grinder

Illustrated notes

Levels and vault maps discovered:
D:1:      minmay_arrival_open_corners, layout_loops_cross
D:2:      layout_basic, uniq_crazy_yiuf_cottage
D:3:      layout_loops_ring, uniq_robin, uniq_grinder

Skill      XL: |  1  2  3  4  5 |
---------------+----------------+-----
Fighting       | 2 3 |  3.1
Maces & Flails | 3 |  3.9
Throwing       | 2 |  2.5
Armour         | 1 |  1.5
Dodging        | 3 |  3.0

Action                   |  1- 3 |  4- 6 || total
-------------------------+-------+-------++-------
Melee: Flail             |   105 |   178 ||   283
  Use: Potion            |       |     1 ||     1
 Stab: Sleeping          |     1 |     2 ||     3
  Eat: Chunk             |    17 |    10 ||    27
Armor: Robe              |    42 |   112 ||   154
Dodge: Dodged            |    58 |   137 ||   195
